 Dungeon Crawl Stone Soup version 0.25.0-1-g7eea58d2a3 (webtiles) character file.

Game seed: 16137072172246536536

20 gruber the Twirler (level 2, -3/25 HPs)
             Began as a Minotaur Gladiator on June 14, 2020.
             Killed from afar by a dart slug (6 damage)
             ... with a slug dart
             ... on level 2 of the Dungeon.
             The game lasted 00:00:49 (916 turns).

gruber the Twirler (Minotaur Gladiator)              Turns: 916, Time: 00:00:50

Health: -3/25      AC:  3    Str: 18    XL:     2   Next: 58%
Magic:  1/1        EV:  9    Int:  5    God:
Gold:   110        SH:  7    Dex: 11    Spells: 1/1 levels left

rFire    . . .     SeeInvis .   l - +0 whip (curse)
rCold    . . .     Gourm    .   r - +0 kite shield
rNeg     . . .     Faith    .   b - +0 leather armour
rPois    .         Spirit   .   c - +0 hat
rElec    .         Reflect  .   (no cloak)
rCorr    .         Harm     .   (no gloves)
MR       .....                  (no boots)
Stlth    +.........             g - amulet of the acrobat
HPRegen  0.08/turn              (no ring)
MPRegen  0.07/turn              (no ring)

@: no status effects
A: retaliatory headbutt, horns 2
a: no special abilities


You were on level 2 of the Dungeon.
You were not hungry.

You visited 1 branch of the dungeon, and saw 2 of its levels.

You collected 110 gold pieces.

Inventory:

Hand Weapons
 a - a +0 quarterstaff
 l - a cursed +0 whip (weapon)
Missiles
 d - 3 throwing nets (quivered)
Armour
 b - a +0 leather armour (worn)
 c - a +0 hat (worn)
 r - a +0 kite shield (worn)
Jewellery
 g - an amulet of the acrobat (around neck)
Scrolls
 i - 4 scrolls of enchant weapon {unknown}
 m - 2 scrolls of teleportation {unknown}
 o - 2 scrolls of immolation {unknown}
 p - a scroll of amnesia {unknown}
Potions
 e - 2 potions of lignification {unknown}
 h - 2 potions of curing {unknown}
 j - 2 potions of mutation {unknown}
 k - 2 potions of stabbing {unknown}
 n - a potion of flight {unknown}
Comestibles
 f - 4 rations
 q - 3 chunks of flesh


   Skills:
 - Level 2.4 Fighting
 + Level 0.3(2.9) Maces & Flails
 + Level 4.7(4.8) Staves
 - Level 2.0 Throwing
 - Level 3.2 Dodging


You had one spell level left.
You didn't know any spells.
Your spell library was empty.

Dungeon Overview and Level Annotations

Branches:
Dungeon (2/15)

Altars:
Hepliaklqana


Innate Abilities, Weirdness & Mutations

You reflexively headbutt those who attack you in melee.
You have a pair of horns on your head.


Message History

You barely miss the goblin. The goblin hits you.
You hit the goblin but do no damage. The adder bites you but does no damage.
The goblin barely misses you.
You closely miss the goblin. The adder barely misses you.
The goblin misses you. You furiously retaliate!
You headbutt the goblin.
You kill the goblin!
The adder barely misses you.
You hit the adder but do no damage. You headbutt the adder!
The adder is severely wounded.
The adder bites you.
You completely miss the adder.
The adder is severely wounded.
The adder bites you.
Your shield prevents you from hitting the adder.
The adder is severely wounded.
The adder bites you.
* * * LOW HITPOINT WARNING * * *
The dart slug launches a dart at you. The slug dart hits you.
You die...

#........# #...####.## ###.
#..>##....#... ..
#...#.......# #.
####......### #.# ######
#.#......# ..## ......
##.######.# ..##......
#..######.######.........
#...#......##.@.w........
#.....##.....S###.#.....
##...[รท#...........# ...
##...........[..##.## .
#.....#.....###.....##
..................w..###.<##
.....................S..S...
#..............##..####[....
#.###############....)....#


You could see an adder and a dart slug.

Vanquished Creatures
  A dart slug (D:1)
  A giant cockroach (D:1)
  3 hobgoblins
  2 jackals (D:1)
  A frilled lizard (D:1)
  5 goblins
  A kobold (D:1)
  2 rats
16 creatures vanquished.

Notes
Turn   | Place    | Note
-------+----------+-------------------------------------------
     0 | D:1      | gruber the Minotaur Gladiator began the quest for the Orb.
     0 | D:1      | Reached XP level 1. HP: 18/18 MP: 0/0
   124 | D:1      | Reached skill level 4 in Staves
   325 | D:1      | Reached XP level 2. HP: 25/25 MP: 1/1
   731 | D:2      | Found a hazy altar of Hepliaklqana.
   916 | D:2      | Killed from afar by a dart slug

Illustrated notes

Levels and vault maps discovered:
D:1:      scummos_arrival_checkerplants, layout_loops_ring
D:2:      minmay_diamond_boxcup, layout_rooms, overflow_temple_1_default,
          uniq_crazy_yiuf_cottage, uniq_sigmund

Skill      XL: |  1 |
---------------+----+-----
Staves         | 4 |  4.7
Fighting       | |  2.4
Maces & Flails | |  0.3
Throwing       | |  2.0
Dodging        | |  3.2

Action                   || total
-------------------------++-------
Melee: Quarterstaff      ||    14
       Whip              ||    30
       Headbutt          ||     8
Armor: Leather armour    ||     8
Dodge: Dodged            ||    26
Block: Kite shield       ||     4
